 Dungeon Crawl Stone Soup version 0.20.0-8-g6b59dc7 (webtiles) character file.

116 IcySystem the Chiller (level 5, -4/31 HPs)
             Began as an Octopode Ice Elementalist on May 30, 2017.
             Slain by a gnoll
             ... wielding a +0 spear
              (9 damage)
             ... on level 3 of the Dungeon.
             The game lasted 00:09:16 (2967 turns).

IcySystem the Chiller (Octopode Ice Elementalist)   Turns: 2967, Time: 00:09:16

Health: -4/31      AC:  1    Str: 12    XL:     5   Next: 0%
Magic:  3/8        EV: 13    Int: 26    God:
Gold:   104        SH:  0    Dex: 12    Spells: 3/9 levels left

rFire    . . .     SeeInvis .   t - +1 dagger (venom)
rCold    . . .     Gourm    .   (no shield)
rNeg     . . .     Faith    .   (helmet restricted)
rPois    .         Spirit   .   (no amulet)
rElec    .         Reflect  .   e - +5 ring of strength
rCorr    .         Harm     .   p - +5 ring of intelligence
MR       .....                  w - +2 ring of intelligence
Stlth    +++.......             (no ring)
Regen    0.1/turn               (no ring)
MPRegen  0.2/turn               (no ring)
                                (no ring)
                                (no ring)

@: lethally poisoned (-4 -> -7), very slightly contaminated
A: almost no armour, stealthy swim, amphibious, 8 rings, constrict 8, camouflage
1, gelatinous body 1
a: no special abilities


You were on level 3 of the Dungeon.
You were not hungry.

You visited 1 branch of the dungeon, and saw 3 of its levels.

You collected 104 gold pieces.

Inventory:

Hand Weapons
 i - a +0 whip
 k - a +0 short sword of speed
 o - a +0 hunting sling
 t - a +1 dagger of venom (weapon)
Missiles
 f - 11 sling bullets
 j - 8 javelins (quivered)
Jewellery
 e - a +5 ring of strength (left tentacle)
 p - a +5 ring of intelligence (right tentacle)
 w - a +2 ring of intelligence (on tentacle)
Scrolls
 h - 2 scrolls of teleportation {unknown}
 m - a scroll of remove curse {unknown}
 n - a scroll of immolation {unknown}
 s - a scroll of magic mapping {unknown}
 u - 2 scrolls of identify {unknown}
 v - a scroll of noise {unknown}
Potions
 c - a potion of haste {unknown}
 g - 3 potions of heal wounds {unknown}
 q - a potion of ambrosia {unknown}
 r - a potion of flight {unknown}
 x - a potion of curing {unknown}
Books
 a - a book of Frost

   Spells                             Type                      Level
   a - Freeze                         Ice                          1
   b - Throw Frost                    Conjuration/Ice              2
   c - Ozocubu's Armour               Charms/Ice                   3
   d - Throw Icicle                   Conjuration/Ice              4
   e - Summon Ice Beast               Ice/Summoning                4
Comestibles
 b - 2 bread rations
 d - 4 fruits
 l - a royal jelly


   Skills:
 - Level 2.0 Dodging
 - Level 2.6 Stealth
 + Level 2.6 Spellcasting
 - Level 1.0 Conjurations
 + Level 5.1 Ice Magic


You had 3 spell levels left.
You knew the following spells:

 Your Spells              Type           Power        Failure   Level  Hunger
a - Freeze                Ice            ####         1%          1    None
b - Throw Frost           Conj/Ice       ###...       4%          2    ##.....
c - Ozocubu's Armour      Chrm/Ice       ###.....     11%         3    ###....


Dungeon Overview and Level Annotations

Branches:
Dungeon (3/15)

Altars:
Nemelex Xobeh
Yredelemnul


Innate Abilities, Weirdness & Mutations

You cannot wear most types of armour.
You are very stealthy in the water. (Stealth+)
You are amphibious.
You can wear up to eight rings at the same time.
You can use your tentacles to constrict eight enemies at once.
Your skin changes colour to match your surroundings (Stealth+).
Your rubbery body absorbs attacks. (AC +1, EV +1)


Message History

Confirm with . or Enter, or press ? or * to list all spells.
Aiming: Freeze
Press: ? - help, Shift-Dir - straight line, f - adder
Aim: an adder You freeze the adder.
The adder is lightly wounded.
The kobold hits you with an enchanted short sword.
* * * LOW HITPOINT WARNING * * *
The adder barely misses you. The gnoll completely misses you.
The gnoll closely misses you.
Casting: Freeze
Confirm with . or Enter, or press ? or * to list all spells.
Aiming: Freeze
Press: ? - help, Shift-Dir - straight line, f/p - adder
Aim: an adder (lightly wounded)
You freeze the adder.
The adder seems to slow down.
The adder is heavily wounded.
The kobold closely misses you. The adder closely misses you.
The gnoll misses you. The gnoll hits you with a spear!
You die...

#....g.<...# ##
#..........# .#
#..........#####.#
#.....g......$...#
#.........)......##
#####S#####g......#
............#
...#####gK...#
......S@g..#
#####.###### .. ..#
##


You could see 3 gnolls, an adder and a kobold.

Vanquished Creatures
  3 gnolls
  2 adders (D:2)
  A worm (D:2)
  A dart slug (D:1)
  2 leopard geckos (D:1)
  A ball python (D:1)
  3 giant cockroaches
  5 goblins
  7 hobgoblins
  7 jackals (D:1)
  9 bats
  7 frilled lizards
  5 kobolds (D:2)
  9 rats
62 creatures vanquished.

Notes
Turn   | Place    | Note
-------+----------+-------------------------------------------
     0 | D:1      | IcySystem the Octopode Ice Elementalist began the quest for the Orb.
     0 | D:1      | Reached XP level 1. HP: 11/11 MP: 3/3
   287 | D:1      | Reached XP level 2. HP: 17/17 MP: 3/5
   693 | D:1      | Reached skill level 4 in Ice Magic
   718 | D:1      | Reached XP level 3. HP: 17/21 MP: 4/6
  1457 | D:2      | Learned a level 2 spell: Throw Frost
  1461 | D:2      | Learned a level 3 spell: Ozocubu's Armour
  1497 | D:2      | Found a basalt altar of Yredelemnul.
  1822 | D:2      | Reached XP level 4. HP: 21/27 MP: 2/7
  2030 | D:2      | Found a sparkling altar of Nemelex Xobeh.
  2628 | D:2      | Reached skill level 5 in Ice Magic
  2919 | D:3      | Reached XP level 5. HP: 31/31 MP: 3/8
  2967 | D:3      | Slain by a gnoll

Skill      XL: |  1  2  3  4 |
---------------+-------------+-----
Ice Magic      | 4 5 |  5.1
Dodging        | |  2.0
Stealth        | |  2.6
Spellcasting   | |  2.6
Conjurations   | |  1.0

Action                   |  1- 3 |  4- 6 || total
-------------------------+-------+-------++-------
Melee: Unarmed           |     2 |       ||     2
       Whip              |    13 |       ||    13
       Constrict         |     6 |       ||     6
       Tentacles         |     4 |     1 ||     5
       Short sword       |    12 |       ||    12
       Dagger            |       |     5 ||     5
Throw: Javelin           |     6 |       ||     6
 Cast: Freeze            |    28 |    13 ||    41
       Throw Frost       |     8 |    18 ||    26
       Ozocubu's Armour  |       |     1 ||     1
 Stab: Sleeping          |     3 |       ||     3
  Eat: Chunk             |     3 |     3 ||     6
       Royal jelly       |       |     1 ||     1
Armor: Skin              |     4 |       ||     4
Dodge: Dodged            |    32 |    15 ||    47
